 Dungeon Crawl Stone Soup version 0.31.0-1-g2c135a0 (webtiles) character file.

Game seed: 18349586865009214585

253064 brinewave the Severer (level 19, -7/179 HPs)
             Began as a Minotaur Fighter on Jan 28, 2024.
             Was a High Priest of Okawaru.
             Killed from afar by a deep elf zephyrmancer (18 damage)
             ... with a bolt of lightning
             ... on level 2 of the Elven Halls on Jan 29, 2024.
             The game lasted 02:32:42 (41677 turns).

brinewave the Severer (Minotaur Fighter)           Turns: 41677, Time: 02:32:45

Health: -7/179     AC: 28    Str: 33    XL:     19   Next: 36%
Magic:  21/28      EV: 16    Int:  5    God:    Okawaru [*****.]
Gold:   1298       SH: 23    Dex: 14    Spells: 18/18 levels left

rFire   + + .        B - +2 war axe (elec)
rCold   + + +        P - +2 shield of Resistance {rF++ rC++ Will++}
rNeg    + . .        Y - +5 chain mail of Cocytus {rN+ Str+2 Dex+3}
rPois   +            (helmet restricted)
rElec   .            L - +1 cloak "Urufuav" {rPois Will+ Stlth+}
rCorr   .            g - +0 pair of gloves {Str+3}
SInv    +            p - +2 pair of slick slippers {slick, slippery, EV+4}
Will    ++++.        h - amulet of reflection
Stlth   +            w - ring of see invisible
HPRegen 0.49/turn    G - ring of protection from cold
MPRegen 0.21/turn

%: reflection
@: heroic, finesse-ful
A: horns 2, retaliatory headbutt
}: 1/15 runes: gossamer
a: Renounce Religion, Heroism, Finesse, Duel


You were on level 2 of the Elven Halls.
You worshipped Okawaru.
Okawaru was extremely pleased with you.
You visited 6 branches of the dungeon, and saw 29 of its levels.
You also visited: Bailey and Gauntlet.

You collected 5313 gold pieces.
You spent 4015 gold pieces at shops.

Inventory:

Hand Weapons
 a - a +0 heavy war axe
 B - a +2 war axe of electrocution (weapon)
 M - the +6 flail "Ycifor" {freeze, rPois rCorr Int+2 Stlth-}
   (You found it on level 8 of the Dungeon)

   Int+2:     It affects your intelligence (+2).
   rPois:     It protects you from poison rCorr: It protects you from acid and
   corrosion.
   Stlth-:    It makes you less stealthy.
Missiles
 c - 10 atropa-tipped darts
 u - 47 poisoned darts (quivered)
 I - 7 javelins
 J - 2 curare-tipped darts
 Q - 43 boomerangs
 R - 11 silver javelins
Armour
 g - a +0 pair of gloves of strength (worn)
 p - the +2 pair of slick slippers (worn) {slick, slippery, EV+4}
   (You acquired it on level 1 of the Elven Halls)

   Slick:     Its wearer cannot be constricted, engulfed, netted or webbed.
   Slippery:  Its wearer slips away from damaging melee attacks, pulling the
   attacker onward.
   EV+4:      It affects your evasion (+4).
 L - the +1 cloak "Urufuav" (worn) {rPois Will+ Stlth+}
   (Okawaru gifted it to you on level 11 of the Dungeon)

   rPois:     It protects you from poison Will+: It increases your willpower.
   Stlth+:    It makes you more stealthy.
 N - a scarf of repulsion
 P - the +2 shield of Resistance (worn) {rF++ rC++ Will++}
   (You bought it in a shop on level 1 of the Vaults)

   rF++:      It greatly protects you from fire.
   rC++:      It greatly protects you from cold.
   Will++:    It greatly increases your willpower.
 Y - the +5 chain mail of Cocytus (worn) {rN+ Str+2 Dex+3}
   (You bought it in a shop on level 1 of the Elven Halls)

   Str+2:     It affects your strength (+2).
   Dex+3:     It affects your dexterity (+3).
   rN+:       It protects you from negative energy.
 Z - a +2 cloak of preservation
Jewellery
 h - an amulet of reflection (around neck)
 w - a ring of see invisible (left hand)
 F - a +4 ring of protection
 G - a ring of protection from cold (right hand)
 X - an amulet of regeneration
Wands
 b - a wand of quicksilver (21)
 e - a wand of mindburst (15)
 l - a wand of roots (23)
 t - a wand of digging (6)
 y - a wand of flame (18)
 E - a wand of polymorph (6)
Scrolls
 i - 3 scrolls of summoning
 k - 18 scrolls of teleportation
 n - 6 scrolls of identify
 v - 2 scrolls of blinking
 A - 2 scrolls of revelation
 C - 3 scrolls of poison
 D - a scroll of brand weapon
 O - 4 scrolls of fog
 S - a scroll of silence
 T - a scroll of fear
 U - a scroll of enchant armour
 W - a scroll of enchant weapon
Potions
 d - 6 potions of might
 f - 11 potions of haste
 j - 7 potions of heal wounds
 m - 6 potions of attraction
 o - 3 potions of cancellation
 q - 6 potions of invisibility
 r - 2 potions of lignification
 s - 3 potions of ambrosia
 x - 4 potions of enlightenment
 z - 11 potions of curing
 H - 4 potions of resistance
 K - 6 potions of mutation
 V - a potion of experience


   Skills:
 + Level 18.1(23.1) Fighting
 + Level 18.4(23.4) Axes
 + Level 12.8(17.8) Throwing
 + Level 18.2(23.2) Armour
 + Level 17.8(22.8) Shields
 - Level 14.2 Invocations


You had 18 spell levels left.
You didn't know any spells.
Your spell library contained the following spells:

 Spells                   Type           Power      Damage    Failure   Level
 Apportation              Tloc           0%         N/A       75%         1
 Freeze                   Ice            0%         1d3       75%         1
 Kiss of Death            Conj/Necr      0%         2d5       75%         1
 Magic Dart               Conj           0%         1d3       75%         1
 Slow                     Hex            0%         N/A       75%         1
 Sting                    Conj/Alch      0%         1d3       75%         1
 Blink                    Tloc           0%         N/A       86%         2
 Ensorcelled Hibernation  Hex/Ice        0%         N/A       86%         2
 Mercury Vapours          Alch/Air       0%         N/A       86%         2
 Searing Ray              Conj           0%         2d4       86%         2
 Confusing Touch          Hex            0%         N/A       98%         3
 Frozen Ramparts          Ice            0%         1d1       98%         3
 Fugue of the Fallen      Necr           0%         N/A       98%         3
 Hailstorm                Conj/Ice       0%         3d5       98%         3
 Inner Flame              Hex/Fire       0%         N/A       98%         3
 Passwall                 Erth           0%         N/A       98%         3
 Sigil of Binding         Hex            0%         N/A       98%         3
 Vampiric Draining        Necr           0%         2d6       98%         3
 Anguish                  Hex/Necr       0%         N/A       100%        4
 Dispel Undead            Necr           0%         3d6       100%        4
 Fulminant Prism          Conj/Alch      0%         3d5       100%        4
 Ignite Poison            Fire/Alch      0%         N/A       100%        4
 Iskenderun's Mystic Bla  Conj/Tloc      0%         2d3       100%        4
 Manifold Assault         Tloc           0%         N/A       100%        4
 Olgreb's Toxic Radiance  Alch           0%         N/A       100%        4
 Passage of Golubria      Tloc           0%         N/A       100%        4
 Petrify                  Alch/Erth      0%         N/A       100%        4
 Sticky Flame             Fire/Alch      0%         2d4       100%        4
 Irradiate                Conj/Alch      0%         3d11      100%        5
 Silence                  Hex/Air        0%         N/A       100%        5
 Dispersal                Tloc           0%         N/A       100%        6
 Borgnjor's Revivificati  Necr           0%         N/A       100%        8
 Disjunction              Tloc           0%         N/A       100%        8
 Ignition                 Fire           0%         3d3       100%        8
 Lehudib's Crystal Spear  Conj/Erth      0%         10d2      100%        8
 Chain Lightning          Conj/Air       0%         N/A       100%        9
 Death's Door             Necr           0%         N/A       100%        9
 Summon Mana Viper        Hex/Summ       Unusable   N/A       N/A         5
 Haunt                    Necr/Summ      Unusable   N/A       N/A         7

Dungeon Overview and Level Annotations

Branches:
Dungeon (15/15)            Temple (0/1) D:7            Lair (5/5) D:9
  Swamp (0/4) Lair:3       Spider (4/4) Lair:3        Slime (0/5) Lair:5
    Orc (2/2) D:10            Elf (2/3) Orc:2        Vaults (1/5) D:14
 Depths (0/4) D:15         Bailey (visited)         Gauntlet (visited)

Altars:
Ashenzari
Cheibriados
Gozag
Kikubaaqudgha
Makhleb
Okawaru
Ru
Sif Muna
Trog
Wu Jian
Xom
The Shining One
Jiyva

Shops:
D:9 :   D:10 *[   D:11 (   Orc:2 =(*[   Elf:1 =::[   Vaults:1 ?[

Portals:
Trove: D:14 (give +3 shadow dragon scales)

Annotations:
D:6 1 runed translucent door, 2 transporters, 1 exclusion, Crazy Yiuf
D:10 exclusion: ice statue
Lair:5 2 transporters, jagoly's ghost, journeyman MfAE


Innate Abilities, Weirdness & Mutations

You have a pair of horns on your head.
You reflexively headbutt those who attack you in melee.


Message History

You kill the deep elf archer!
Okawaru accepts your kill.
You hit the deep elf zephyrmancer.
You block the deep elf zephyrmancer's attack.
You barely miss the deep elf zephyrmancer.
You headbutt the deep elf zephyrmancer!
The deep elf zephyrmancer is heavily wounded.
You slice the deep elf zephyrmancer!!
You hit the deep elf zephyrmancer but do no damage.
The deep elf zephyrmancer is heavily wounded.
You miss the deep elf zephyrmancer.
You block the +0 halberd of freezing's attack.
The deep elf zephyrmancer mumbles some strange words.
The deep elf zephyrmancer blinks!
The deep elf zephyrmancer casts a spell at you.
The bolt of lightning hits you!!
* * * LOW HITPOINT WARNING * * *
The bolt of lightning hits the +0 halberd of freezing.
The +0 halberd of freezing completely resists.
The deep elf zephyrmancer barely misses you.
You furiously retaliate!
You headbutt the deep elf zephyrmancer!
The +0 halberd of freezing hits you from afar.
* * * LOW HITPOINT WARNING * * *
Okay, then.
You gain the combat prowess of a mighty hero.
You block the deep elf zephyrmancer's attack.
You block the +0 halberd of freezing's attack.
You can now deal lightning-fast blows.
The +0 halberd of freezing misses you.
You barely miss the deep elf zephyrmancer.
The deep elf zephyrmancer is severely wounded.
You block the +0 halberd of freezing's attack.
You closely miss the deep elf zephyrmancer.
The deep elf zephyrmancer is severely wounded.
You block the deep elf zephyrmancer's attack.
The deep elf zephyrmancer casts a spell at you.
The bolt of lightning hits you!!
* * * LOW HITPOINT WARNING * * *
The bolt of lightning hits you!!
You die...

.## . .e.# ## #..
e..# .###... ...#?
....$..
.e.#.###.......#
...#....[......#
#.........
###......... #.
#@.e.....####..
..#####e#.#.....##...
...e..(..............
.######.#............
#.#.........#..
#...........#
####.......##
##>....###
##.....)####.


You could see 2 deep elf zephyrmancers and a +0 halberd of freezing.

Vanquished Creatures
  Saint Roka (Orc:2)
  Nikola (Spider:1)
  Asterion (Vaults:1)
  Rupert (Lair:5)
  Mlioglotl (Spider:3)
  Jorgrun (Orc:1)
  A sphinx (Vaults:1)
  Frances (D:12)
  Agnes (Spider:1)
  A tengu reaver (D:13)
  6 emperor scorpions
  2 vault wardens (Vaults:1)
  2 orc warlords (Orc:2)
  3 ghost moths (Spider:4)
  Louise (Elf:1)
  A deep elf elementalist (Elf:1)
  A formless jellyfish (Vaults:1)
  A broodmother (Spider:2)
  3 ironbound thunderhulks (Vaults:1)
  3 ironbound preservers (Vaults:1)
  2 stone giants
  An eleionoma (Lair:3)
  A deep elf annihilator (Vaults:1)
  3 dire elephants (Vaults:1)
  A minotaur (Gauntlet)
  Josephine (D:15)
  4 entropy weavers
  2 vault guards (Vaults:1)
  7 hydras
  A great orb of eyes (Vaults:1)
  3 catoblepae (Lair:5)
  13 centaur warriors
  A jorogumo (Spider:4)
  2 ogre magi (Orc:2)
  An ironbound frostheart (Vaults:1)
  2 radroaches
  13 two-headed ogres
  9 dancing weapons
  7 boulder beetles
  20 death yaks
  3 demonic crawlers
  8 tengu warriors
  3 orc high priests
  3 deep elf knights (Elf:1)
  Sonja (Orc:2)
  Amaemon (D:8)
  2 skysharks (Lair:4)
  8 skeletal warriors
  11 orb spiders
  6 pharaoh ants
  15 deep trolls
  2 sun moths (Spider:4)
  6 ironbound convokers (Vaults:1)
  5 lindwurms (Vaults:1)
  3 arcanists
  3 steelbarb worms
  7 deep elf archers
  6 orc knights
  12 deep elf pyromancers
  6 oklob plants
  5 harpies (Vaults:1)
  12 ugly things
  8 deep elf zephyrmancers
  5 cyclopes
  4 manticores
  Maurice (D:8)
  5 orc sorcerers
  A meliai (shapeshifter) (D:14)
  25 wolf spiders
  6 vault sentinels (Vaults:1)
  4 black mambas
  4 moths of wrath
  3 kobold blastminers (Orc:2)
  9 elephants (Lair:4)
  2 torpor snails
  10 cane toads
  2 gargoyles
  2 minotaur zombies (Gauntlet)
  Maggie (D:8)
  An unseen horror (D:13)
  An apocalypse crab (Gauntlet)
  3 rime drakes
  An orange demon (D:8)
  2 yaktaurs
  13 komodo dragons
  A freezing wraith (D:14)
  4 tengu conjurers
  27 tarantellas
  7 trolls
  A guardian mummy (D:14)
  17 blink frogs
  A queen bee (shapeshifter) (D:14)
  4 polar bears
  6 hornets
  3 dream sheep (Lair:5)
  21 jumping spiders
  12 slime creatures
  7 wraiths
  2 water elementals
  23 culicivoras
  3 air elementals
  A vampire (D:10)
  55 yaks
  6 wyverns
  4 fire elementals
  6 basilisks
  Eustachio (D:6)
  39 redbacks
  4 wargs
  4 steam dragons
  Grum (Lair:1)
  4 vampire mosquitoes
  An acid dragon (D:13)
  20 water moccasins
  Duvessa (D:4)
  2 ice beasts
  40 orc warriors
  3 black bears
  A laughing skull (D:13)
  5 ogres
  18 wolves
  3 phantoms
  13 centaurs
  3 kobold brigands
  19 bullfrogs
  2 scorpions
  3 earth elementals
  13 wights
  Dowan (D:4)
  11 killer bees
  13 electric eels
  A crimson imp (D:4)
  2 bombardier beetles
  A jelly (D:6)
  26 orc priests
  A gnoll bouda (D:6)
  8 iguanas
  Ijyb (D:4)
  38 orc wizards
  A boggart simulacrum (D:14)
  27 gnolls
  5 adders
  3 shadow imps (Gauntlet)
  3 white imps
  6 ufetubi
  2 dart slugs
  4 ribbon worms
  90 orcs
  8 ball pythons
  3 endoplasms
  2 giant cockroaches
  9 goblins
  6 hobgoblins
  18 jackals
  5 quokkas
  15 bats
  2 frilled lizards
  21 kobolds
  5 rats
1117 creatures vanquished.

Vanquished Creatures (others)
  A demonic crawler (Spider:4)
  A deep elf knight (Elf:1)
  A jumping spider (Spider:1)
  A redback (Spider:1)
  An orc warrior (Orc:2)
  An orc wizard (Orc:2)
  An orc (Orc:2)
7 creatures vanquished.

Grand Total: 1124 creatures vanquished

Notes
Turn   | Place    | Note
-------+----------+-------------------------------------------
     0 | D:1      | brinewave the Minotaur Fighter began the quest for the Orb.
     0 | D:1      | Reached XP level 1. HP: 19/19 MP: 0/0
    79 | D:1      | Reached XP level 2. HP: 23/27 MP: 1/1
   209 | D:1      | Found a faded altar of an unknown god.
   643 | D:2      | Found an ornate altar of the Wu Jian Council.
   661 | D:2      | Reached XP level 3. HP: 33/33 MP: 2/2
   940 | D:2      | Reached XP level 4. HP: 40/40 MP: 3/3
  1195 | D:2      | Got Sif Muna's Verses on the Massed Salvo
  1541 | D:3      | Reached XP level 5. HP: 47/47 MP: 4/4
  2199 | D:4      | Noticed Ijyb
  2207 | D:4      | Killed Ijyb
  2233 | D:4      | Reached skill level 5 in Axes
  2235 | D:4      | Noticed a phantom
  2244 | D:4      | Killed a phantom
  2245 | D:4      | Reached XP level 6. HP: 47/55 MP: 5/5
  2379 | D:4      | Reached skill level 5 in Fighting
  2379 | D:4      | Reached skill level 5 in Armour
  2448 | D:4      | Found a sacrificial altar of Ru.
  2501 | D:4      | Reached skill level 5 in Shields
  2816 | D:4      | Noticed Duvessa
  2816 | D:4      | Noticed Dowan
  2832 | D:4      | Killed Duvessa
  2833 | D:4      | Reached XP level 7. HP: 35/61 MP: 6/6
  2841 | D:4      | Killed Dowan
  3219 | D:4      | Found an iron altar of Okawaru.
  3472 | D:5      | Entered Level 5 of the Dungeon
  3598 | D:5      | Found an opulent altar of Gozag.
  3886 | D:5      | Found a snail-covered altar of Cheibriados.
  4485 | D:6      | Noticed Eustachio
  4511 | D:6      | Killed Eustachio
  4512 | D:6      | Reached XP level 8. HP: 50/70 MP: 7/7
  4665 | D:4      | Became a worshipper of Warmaster Okawaru
  4783 | D:6      | Reached skill level 1 in Invocations
  5158 | D:7      | Got Cocagaga's Secrets of Position
  5215 | D:7      | Found a staircase to the Ecumenical Temple.
  5389 | D:7      | Reached * piety under Okawaru
  5611 | D:6      | Reached XP level 9. HP: 53/79 MP: 9/9
  5936 | D:6      | Found a runed translucent door.
  5937 | D:6      | Noticed Crazy Yiuf
  6145 | D:6      | Found a shimmering altar of Xom.
  6170 | D:6      | Found a transporter.
  6375 | D:6      | Found a transporter.
  6715 | D:7      | Found an ancient bone altar of Kikubaaqudgha.
  6821 | D:7      | Reached ** piety under Okawaru
  7031 | D:8      | Found a flagged portal.
  7031 | D:8      | Noticed Maurice
  7039 | D:8      | Maurice stole 2 throwing nets
  7041 | D:8      | Maurice stole 36 gold
  7048 | D:8      | Killed Maurice
  7049 | D:8      | Reached XP level 10. HP: 73/90 MP: 8/12
  7062 | Bailey   | Entered a bailey
  7479 | Bailey   | Noticed an orc knight
  7491 | Bailey   | Killed an orc knight
  7492 | Bailey   | Reached skill level 10 in Axes
  7505 | Bailey   | Reached skill level 5 in Invocations
  7756 | D:8      | Reached *** piety under Okawaru
  7922 | D:8      | Found a broken altar of Ashenzari.
  7923 | D:8      | Noticed Maggie
  7931 | D:8      | Killed Maggie
  8039 | D:8      | Noticed an orange demon
  8060 | D:8      | Killed an orange demon
  8067 | D:8      | Noticed Amaemon
  8077 | D:8      | Killed Amaemon
  8237 | D:8      | Reached **** piety under Okawaru
  8309 | D:8      | Identified the +6 flail "Ycifor" {freeze, rPois rCorr Int+2
                  | Stlth-}
  8570 | D:9      | Found a burning altar of Makhleb.
  8634 | D:9      | Reached XP level 11. HP: 87/99 MP: 14/14
  8764 | D:9      | Reached skill level 10 in Armour
  8887 | D:9      | Reached skill level 10 in Fighting
  8887 | D:9      | Found a staircase to the Lair.
  8896 | D:9      | Reached skill level 10 in Shields
  9031 | Lair:1   | Entered Level 1 of the Lair of Beasts
  9031 | Lair:1   | Noticed an oklob plant
  9035 | Lair:1   | Reached ***** piety under Okawaru
  9154 | Lair:1   | Killed an oklob plant
  9271 | Lair:1   | Noticed a death yak
  9277 | Lair:1   | Noticed a death yak
  9278 | Lair:1   | Noticed a death yak
  9278 | Lair:1   | Noticed a death yak
  9279 | Lair:1   | Noticed a death yak
  9303 | Lair:1   | Killed a death yak
  9303 | Lair:1   | Killed a death yak
  9309 | Lair:1   | Killed a death yak
  9312 | Lair:1   | Killed a death yak
  9324 | Lair:1   | Killed a death yak
  9324 | Lair:1   | Received a gift from Okawaru
  9720 | Lair:1   | Reached skill level 1 in Throwing
 10050 | Lair:1   | Noticed Grum
 10060 | Lair:1   | Killed Grum
 10061 | Lair:1   | Reached XP level 12. HP: 88/110 MP: 16/16
 10164 | Lair:1   | Received a gift from Okawaru
 10486 | Lair:2   | Noticed a death yak
 10486 | Lair:2   | Noticed a death yak
 10507 | Lair:2   | Killed a death yak
 10509 | Lair:2   | Noticed a death yak
 10512 | Lair:2   | Noticed a death yak
 10513 | Lair:2   | Noticed a death yak
 10514 | Lair:2   | Killed a death yak
 10515 | Lair:2   | Killed a death yak
 10515 | Lair:2   | Noticed a death yak
 10523 | Lair:2   | Killed a death yak
 10532 | Lair:2   | Killed a death yak
 10542 | Lair:2   | Killed a death yak
 10562 | Lair:2   | Noticed an eight-headed hydra
 10735 | Lair:2   | Killed a 16-headed hydra
 10997 | Lair:2   | Noticed a boulder beetle
 11018 | Lair:2   | Killed a boulder beetle
 11031 | Lair:2   | Noticed a five-headed hydra
 11044 | Lair:2   | Killed an eight-headed hydra
 11106 | Lair:2   | Received a gift from Okawaru
 11318 | Lair:2   | You fall into a shaft and drop 1 floor!
 11322 | Lair:3   | Noticed an eleionoma
 11330 | Lair:3   | Killed an eleionoma
 11332 | Lair:3   | Found a staircase to the Swamp.
 11642 | Lair:3   | Found a shimmering altar of Xom.
 11677 | Lair:4   | Received a gift from Okawaru
 11724 | Lair:4   | Reached XP level 13. HP: 110/118 MP: 18/18
 11751 | Lair:5   | Entered Level 5 of the Lair of Beasts
 11751 | Lair:5   | Found an ornate altar of the Wu Jian Council.
 11754 | Lair:4   | Reached skill level 5 in Throwing
 11754 | Lair:4   | Reached XP level 14. HP: 127/127 MP: 19/19
 11755 | Lair:4   | Reached XP level 15. HP: 135/135 MP: 19/21
 11915 | Lair:4   | Identified the +1 helmet of Zagrixem {rC+ rCorr Dex-5}
 13160 | Lair:3   | Reached skill level 10 in Invocations
 13284 | Lair:2   | Received a gift from Okawaru
 14534 | Lair:3   | Found a hole to the Spider Nest.
 15508 | Lair:5   | Found a transporter.
 15581 | Lair:5   | Received a gift from Okawaru
 15687 | Lair:5   | Found a transporter.
 15690 | Lair:5   | Noticed jagoly's ghost (journeyman MfAE)
 16013 | Lair:5   | Found a viscous altar of Jiyva.
 16019 | Lair:5   | Found a staircase to the Slime Pits.
 16033 | Lair:5   | Noticed Rupert
 16275 | Lair:5   | Killed Rupert
 17875 | D:9      | Found Newnu's Book Boutique.
 18180 | D:10     | Entered Level 10 of the Dungeon
 18348 | D:10     | Found a glowing golden altar of the Shining One.
 18676 | D:10     | Found a transporter.
 18676 | D:10     | Found Datiovoi's General Store.
 18683 | D:10     | Found a shimmering blue altar of Sif Muna.
 18774 | D:10     | Found Aluak's Antique Armour Shop.
 18781 | D:10     | Bought a pair of runed gloves for 202 gold pieces
 18781 | D:10     | Bought a glowing cloak for 202 gold pieces
 18816 | D:10     | Found a transporter.
 18903 | D:10     | Bought a scroll of blinking for 112 gold pieces
 18988 | D:10     | Found a staircase to the Orcish Mines.
 19077 | D:10     | Reached XP level 16. HP: 147/147 MP: 23/23
 19862 | D:11     | Found Ciamiy's Antique Weapon Boutique.
 19973 | D:11     | Received a gift from Okawaru
 20237 | D:11     | Reached ****** piety under Okawaru
 20245 | D:11     | Acquired a +3 executioner's axe of electrocution
 20245 | D:11     | Received a gift from Okawaru
 20247 | D:11     | Acquired the +1 cloak "Urufuav" {rPois Will+ Stlth+}
 20247 | D:11     | Received a gift from Okawaru
 20714 | D:12     | Found a transporter.
 20727 | D:12     | Found a transporter.
 20735 | D:12     | Found a transporter.
 20735 | D:12     | Found a transporter.
 20967 | D:12     | Reached skill level 15 in Axes
 20999 | D:12     | Found a transporter.
 20999 | D:12     | Found a transporter.
 21190 | D:12     | Noticed Frances
 21203 | D:12     | Killed Frances
 21776 | D:13     | Received a gift from Okawaru
 21777 | D:13     | Reached skill level 15 in Armour
 21956 | D:13     | Noticed a tengu reaver
 22030 | D:13     | Identified a scroll of acquirement
 22031 | D:13     | Acquired 659 gold pieces
 22304 | D:13     | Killed a tengu reaver
 22305 | D:13     | Reached skill level 15 in Fighting
 22948 | Orc:1    | Entered Level 1 of the Orcish Mines
 23000 | Orc:1    | Noticed Jorgrun
 23026 | Orc:1    | Killed Jorgrun
 23429 | Orc:2    | Entered Level 2 of the Orcish Mines
 23562 | Orc:2    | Noticed Sonja
 23582 | Orc:2    | Killed Sonja
 23588 | Orc:2    | Found a staircase to the Elven Halls.
 23677 | Orc:2    | Paralysed by an ogre mage for 3 turns
 23701 | Orc:2    | Reached skill level 15 in Shields
 23703 | Orc:2    | Received a gift from Okawaru
 24311 | Orc:2    | Noticed Saint Roka
 24339 | Orc:2    | Killed Saint Roka
 24503 | Orc:2    | Found Fiwiujar's Antique Weapon Shoppe.
 24547 | Orc:2    | Paralysed by something for 3 turns
 24929 | Orc:1    | Found a bloodstained altar of Trog.
 25076 | Orc:2    | Found Icameph's Antique Armour Shoppe.
 25091 | Orc:2    | Found Etothest's General Store.
 25098 | Orc:2    | Bought a potion of heal wounds for 85 gold pieces
 25098 | Orc:2    | Bought 2 potions of haste for 340 gold pieces
 25098 | Orc:2    | Bought a scroll of teleportation for 51 gold pieces
 25141 | Orc:2    | Found Mawnoeg's Jewellery Shoppe.
 25532 | D:14     | Received a gift from Okawaru
 25758 | D:14     | Found a portal to a secret trove of treasure.
 26090 | D:14     | Found a gate to the Vaults.
 26344 | D:15     | Entered Level 15 of the Dungeon
 26481 | D:15     | Reached XP level 17. HP: 148/157 MP: 25/25
 26486 | D:15     | Reached skill level 10 in Throwing
 26514 | D:15     | Found a gate leading to a gauntlet.
 26539 | Gauntlet | Entered a Gauntlet
 26539 | Gauntlet | Found a runed translucent door.
 26539 | Gauntlet | Found a transporter.
 26539 | Gauntlet | Found a runed translucent door.
 26539 | Gauntlet | Found a transporter.
 26547 | Gauntlet | Found a transporter.
 26551 | Gauntlet | Found a transporter.
 26557 | Gauntlet | Found a runed translucent gate.
 26559 | Gauntlet | Found a transporter.
 26560 | Gauntlet | Found a runed translucent gate.
 26561 | Gauntlet | Found a runed translucent gate.
 26563 | Gauntlet | Found a transporter.
 26571 | Gauntlet | Found a transporter.
 26587 | Gauntlet | Found a transporter.
 26601 | Gauntlet | Found a transporter.
 26605 | Gauntlet | Found a transporter.
 26613 | Gauntlet | Found a transporter.
 26617 | Gauntlet | Found a transporter.
 26881 | Gauntlet | Got the Precepts of the Crater
 27148 | D:15     | Noticed Josephine
 27172 | D:15     | Killed Josephine
 27441 | D:15     | Acquired 1374 gold pieces
 27489 | D:15     | Received a gift from Okawaru
 27843 | D:15     | Found a staircase to the Depths.
 28361 | Spider:1 | Entered Level 1 of the Spider Nest
 28889 | Spider:1 | Noticed Nikola
 28930 | Spider:1 | Killed Nikola
 28944 | Spider:1 | Received a gift from Okawaru
 28945 | Spider:1 | Noticed Agnes
 28966 | Spider:1 | Killed Agnes
 31485 | Spider:3 | Noticed Mlioglotl
 31773 | Spider:3 | Received a gift from Okawaru
 32369 | Spider:3 | Killed Mlioglotl
 32544 | Spider:4 | Entered Level 4 of the Spider Nest
 32879 | Spider:4 | Reached XP level 18. HP: 129/165 MP: 26/26
 34961 | Spider:4 | Received a gift from Okawaru
 35208 | Spider:4 | Got a gossamer rune of Zot
 35540 | Vaults:1 | Entered Level 1 of the Vaults
 35735 | Vaults:1 | Found Ymiuclao's Antique Armour Emporium.
 35735 | Vaults:1 | Noticed Asterion
 35755 | Vaults:1 | Killed Asterion
 35880 | Vaults:1 | Bought the +2 shield of Resistance {rF++ rC++ Will++} for
                  | 2467 gold pieces
 35880 | Vaults:1 | Found the +2 shield of Resistance {rF++ rC++ Will++}
 36172 | Vaults:1 | Found Xoubeezo's Magic Scroll Boutique.
 36182 | Vaults:1 | Bought a scroll of fog for 72 gold pieces
 36182 | Vaults:1 | Bought a scroll of teleportation for 54 gold pieces
 36182 | Vaults:1 | Bought a scroll of fear for 72 gold pieces
 36182 | Vaults:1 | Bought a scroll of teleportation for 54 gold pieces
 37206 | Vaults:1 | Received a gift from Okawaru
 37250 | Vaults:1 | Identified the staff of Xom's Righteous Fury {rPois Ice
                  | Alchemy}
 37778 | Vaults:1 | Received a gift from Okawaru
 38341 | Vaults:1 | Reached XP level 19. HP: 169/178 MP: 28/28
 38385 | Vaults:1 | Received a gift from Okawaru
 38899 | Elf:1    | Entered Level 1 of the Elven Halls
 38910 | Elf:1    | Paralysed by an air elemental for 1 turns
 38913 | Elf:1    | Paralysed by an air elemental for 1 turns
 38924 | Elf:1    | Noticed Louise
 38946 | Elf:1    | Killed Louise
 39316 | Elf:1    | Found Fucwo's Book Boutique.
 39317 | Elf:1    | Found Oshoq's Jewellery Emporium.
 39318 | Elf:1    | Found Rabintoupp's Book Boutique.
 39386 | Elf:1    | Found Ystrys's Antique Armour Shop.
 39470 | Elf:1    | Found a glacial archway.
 39911 | Elf:1    | Received a gift from Okawaru
 40074 | Elf:1    | Bought a translucent chain mail for 304 gold pieces
 40074 | Elf:1    | Identified the +5 chain mail of Cocytus {rN+ Str+2 Dex+3}
                  | (You bought it in a shop on level 1 of the Elven Halls)
 40361 | Elf:1    | Paralysed by an air elemental for 1 turns
 40366 | Elf:1    | Paralysed by an air elemental for 1 turns
 40991 | Elf:1    | Acquired the +2 pair of slick slippers {slick, slippery,
                  | EV+4}
 40991 | Elf:1    | Found the +2 pair of slick slippers {slick, slippery, EV+4}
 41660 | Elf:2    | Paralysed by an air elemental for 1 turns
 41677 | Elf:2    | Killed from afar by a deep elf zephyrmancer

Illustrated notes

Levels and vault maps discovered:
D:1:      giann_bridges, layout_basic, shapermc_ecumenical_altar_venn,
          minmay_misc_feat_pillars
D:2:      layout_loops_ring, basic_altar,
          nicolae_concentric_dashed_squares_mild, columned_hall_lemuel,
          minmay_tromino_v4_c
D:3:      layout_loops_cross, chequers_jeans, reono_crystal_passage
D:4:      layout_loops_corners, general_overflow_altar, nicolae_ru_awakened_eye,
          minivault_25, roderic_batcave, minmay_fire_ice_demons, uniq_ijyb,
          uniq_duvessa
D:5:      layout_basic, chei_slow_surprise, grunt_gozag_breadcrumbs
D:6:      gammafunk_cloud_chamber, layout_loops_cross,
          mainiacjoe_overflow_tiny_flanked, uniq_crazy_yiuf_cottage,
          uniq_eustachio
D:7:      layout_cave_pools, old_standard_altar,
          minmay_temple_entry_statues_fountains
D:8:      layout_rooms, lemuel_crystal_altar, enter_bailey_1, uniq_amaemon,
          uniq_maggie, uniq_maurice
D:9:      layout_cave_pools, bloody_makhleb, due_lair_maze_entry_diamond,
          serial_shops, kennysheep_mini
D:10:     layout_gridville, nicolae_tso_swordbearing_angel,
          mainiacjoe_overflow_paths, david_orc_1_choice, serial_shops, shop,
          nicolae_shop_drivethru, minivault_15, abandoned_shop, lightli_minifort
D:11:     layout_long_grid, serial_bayou, serial_bayou_ford_a,
          serial_bayou_lagoon_b, serial_bayou_pond_a, serial_bayou_pond_b,
          serial_bayou_pond_a, serial_bayou_pond_a, serial_shops, shop
D:12:     layout_irregular_city, serial_nicolae_subway,
          nicolae_sub_station_crystal, nicolae_sub_station_stone,
          nicolae_sub_station_metal, uniq_frances
D:13:     layout_long_grid, kennysheep_island_fort
D:14:     layout_irregular_city, hellmonk_vaults_attempted_burglary,
          nicolae_trove_entry_path_of_doom, chequers_serial_rivers_micro_c
D:15:     grunt_enter_depths_snipers, layout_irregular_city,
          gauntlet_entry_generic, due_unseen_surprise, uniq_josephine
Lair:1:   layout_roguey, dpeg_stationary_puzzle, grunt_megastairs_3, uniq_grum
Lair:2:   layout_cave_pods, lemuel_fruit_fields
Lair:3:   layout_roguey, alex1729_swamp_entry_worm_eleionoma,
          spider_nest_entry_funnel_web, basic_altar, serial_bayou_shore_a,
          lemuel_fruit_tree, grunt_megastairs_1
Lair:4:   layout_cave_pods, infiniplex_staircase_pool
Lair:5:   evilmike_catoblepas_cave, layout_layer_cave,
          minmay_slime_entry_oklob_open, gammafunk_ghost_berserking_beasts,
          basic_altar, grunt_megastairs_2, uniq_rupert
Spider:1: layout_chambers, hangedman_spider_tarantella_strand, uniq_nikola,
          uniq_agnes
Spider:2: layout_spider_delve
Spider:3: layout_spider_delve, uniq_mlioglotl
Spider:4: spider_rune_water
Orc:1:    layout_caves, trog_butcher_becter, uniq_jorgrun
Orc:2:    grunt_orc_cross, layout_diamond_mine, nicolae_orc_crystal_geode,
          uniq_saint_roka, uniq_sonja
Elf:1:    eino_elf_arrival_sip, layout_onion_city,
          portal_ice_cave_entry_pillars_1, serial_shops, shop,
          serial_co_window_serial, co_window_paths_a, co_window_paths_a,
          co_window_of_opportunity_a, co_window_paths_a, co_window_paths_b,
          co_window_paths_a, co_window_paths_c, co_window_2corner,
          co_window_broadway_c, co_window_paths_d, minmay_shop_grove,
          uniq_louise
Elf:2:    elven_hall_of_blades_hangedman_original
          [nicolae_blade_entry_sentries_behind_glass], layout_loops_corners,
          uniq_zenata
Vaults:1: vaults_standard_mumra_lines, nicolae_vaults_mini_display_case,
          v_misc_1, grunt_vaults_hallway_short, nicolae_vaults_cochlea,
          v_misc_27, nicolae_vaults_octothorpe, nicolae_vaults_branching_niches,
          nicolae_vaults_network_periphery, nicolae_vaults_surprise_closet,
          ontoclasm_vaults_ligature, v_misc_14, layout_vaults_omnibox,
          serial_shops, shop, shop, uniq_asterion

Skill      XL: |  1  2  3  4  5  6  7  8  9 10 11 12 13 14 15 16 17 18 19 |
---------------+----------------------------------------------------------+-----
Axes           | 3 4 5 6 7 8 9 10 11 12 13 14 16 17 18 | 18.4
Fighting       | 4 5 6 7 8 9 11 12 13 14 15 16 17 18 | 18.1
Armour         | 4 5 6 7 8 9 11 12 13 14 15 16 17 18 | 18.2
Shields        | 4 5 6 7 8 9 11 12 13 14 15 16 17 | 17.8
Invocations    | 2 4 6 7 8 9 11 12 13 14 | 14.2
Throwing       | 1 4 5 6 8 9 11 12 | 12.8

Action                     |  1- 3 |  4- 6 |  7- 9 | 10-12 | 13-15 | 16-18 | 19-21 || total
---------------------------+-------+-------+-------+-------+-------+-------+-------++-------
  Melee: War axe           |    95 |   129 |   274 |   470 |   433 |  1927 |   289 ||  3617
         Headbutt          |    15 |    17 |    43 |    91 |   106 |   500 |    65 ||   837
         Flail             |       |       |       |       |    12 |    16 |       ||    28
         Punch             |       |       |       |       |     1 |       |       ||     1
  Throw: Dart              |       |     5 |       |    10 |     6 |     2 |       ||    23
         Javelin           |       |       |       |     1 |     2 |     3 |     3 ||     9
 Invoke: Heroism           |       |       |       |     6 |     5 |    11 |     4 ||    26
         Finesse           |       |       |       |     1 |       |     7 |     2 ||    10
         Receive Weapon    |       |       |       |       |       |     1 |       ||     1
         Receive Armour    |       |       |       |       |       |     1 |       ||     1
    Use: Scroll            |     1 |     1 |    11 |     8 |     5 |    14 |     5 ||    45
         Potion            |       |       |     1 |       |     3 |     5 |     2 ||    11
   Stab: Petrified         |       |       |       |       |     1 |       |       ||     1
         Held in net/web   |       |       |       |       |       |     2 |       ||     2
 Armour: Scale mail        |    58 |    66 |   204 |       |       |       |       ||   328
         Chain mail        |       |       |    20 |   137 |       |       |    67 ||   224
         Plate armour      |       |       |       |   257 |   453 |  1470 |    98 ||  2278
  Dodge: Dodged            |    27 |    45 |   123 |   138 |   149 |   389 |    40 ||   911
  Block: Buckler           |    37 |    80 |   185 |   147 |       |       |       ||   449
         Reflection        |       |     7 |     7 |     2 |    13 |    57 |    22 ||   108
         Kite shield       |       |       |       |   242 |   432 |  1794 |   211 ||  2679
         Other             |       |       |       |       |     2 |       |       ||     2
